 Dungeon Crawl Stone Soup version 0.26-a0-651-gb41185065b (webtiles) character file.

Game seed: 10429997800709638394

21794 raph the Grappler (level 12, -2/180 HPs)
             Began as a Troll Berserker on Oct 31, 2020.
             Was a Priest of Trog.
             Slain by a 17-headed hydra (9 damage)
             ... on level 5 of the Lair of Beasts.
             The game lasted 00:24:46 (13786 turns).

raph the Grappler (Troll Berserker)                Turns: 13786, Time: 00:24:47

Health: -2/180     AC: 11    Str: 28    XL:     12   Next: 57%
Magic:  20/20      EV: 13    Int:  3    God:    Trog [***...]
Gold:   748        SH: 12    Dex: 13    Spells: 11/11 levels left

rFire    + . .     SeeInvis +     - Unarmed
rCold    . . .     Faith    .   L - +2 kite shield
rNeg     . . .     Spirit   .   z - +2 robe {rF+}
rPois    .         Reflect  .   (helmet restricted)
rElec    .         Harm     .   D - +2 cloak
rCorr    .         Rampage  .   (gloves unavailable)
MR       .....                  (boots unavailable)
Stlth    ..........             k - amulet of the acrobat
HPRegen  0.80/turn              n - ring of see invisible
MPRegen  0.17/turn              K - ring of magical power

@: berserking (expiring), very quick
A: large, unfitting armour, claws 3, regeneration 1, shaggy fur 1, tough skin 3
a: Berserk, Trog's Hand, Renounce Religion


You were on level 5 of the Lair of Beasts.
You worshipped Trog.
Trog was most pleased with you.
You visited 3 branches of the dungeon, and saw 16 of its levels.

You collected 944 gold pieces.
You spent 196 gold pieces at shops.

Inventory:

Missiles
 a - 10 curare-tipped darts
 m - 8 datura-tipped darts
 p - 6 large rocks (quivered)
 t - 50 poisoned darts
 G - a throwing net
Armour
 z - a +2 robe of fire resistance (worn)
 D - a +2 cloak (worn)
 F - a +2 robe of cold resistance
 L - a +2 kite shield (worn)
Jewellery
 k - an amulet of the acrobat (around neck)
 n - a ring of see invisible (left claw)
 u - an uncursed amulet of guardian spirit
 E - an uncursed ring of ice
 K - a ring of magical power (right claw)
Wands
 s - a wand of flame (18)
 w - a wand of paralysis (11)
 y - a wand of random effects (21)
 A - a wand of acid (3)
 H - a wand of iceblast (20)
 M - a wand of polymorph (5)
Scrolls
 b - 5 scrolls of teleportation
 f - 8 scrolls of enchant weapon
 g - 3 scrolls of fear
 l - 6 scrolls of remove curse
 C - a scroll of blinking
Potions
 c - a potion of haste
 d - 5 potions of lignification
 e - 2 potions of invisibility
 h - 6 potions of stabbing
 i - 5 potions of flight
 j - 5 potions of heal wounds
 o - 3 potions of curing {unknown}
 q - 2 potions of brilliance {unknown}
 r - 12 potions of ambrosia
 v - a potion of degeneration {unknown}
 x - a potion of mutation {unknown}
 I - 4 potions of might {unknown}


   Skills:
 - Level 8.2 Fighting
 - Level 6.9 Throwing
 - Level 8.3 Dodging
 * Level 5.7 Shields
 - Level 13.1 Unarmed Combat


You had 11 spell levels left.
You didn't know any spells.
Your spell library was empty.

Dungeon Overview and Level Annotations

Branches:
Dungeon (9/15)             Temple (0/1) D:4            Lair (6/6) D:9
 Spider (1/4) Lair:3        Slime (0/5) Lair:6
  Swamp: Lair:2-4    Shoals: Lair:2-4       Orc: D:9-12

Altars:
Cheibriados
Okawaru
Sif Muna
Uskayaw
Wu Jian
Xom
Yredelemnul
The Shining One
Jiyva

Shops:
D:9 }


Innate Abilities, Weirdness & Mutations

You are too large for most types of armour.
You have claws for hands.
Your natural rate of healing is unusually fast.
You are covered in fur. (AC +1)
You have extremely tough skin. (AC +3)


Message History

The 16-headed hydra bites you.
* * * LOW HITPOINT WARNING * * *
The 16-headed hydra bites you.
* * * LOW HITPOINT WARNING * * *
You block the 16-headed hydra's attack. x2
The 16-headed hydra bites you but does no damage.
The 16-headed hydra bites you.
* * * LOW HITPOINT WARNING * * *
The 16-headed hydra barely misses you.
The 16-headed hydra bites you but does no damage.
You claw one of the 16-headed hydra's heads off!
The 15-headed hydra grows two more!
You mangle the 17-headed hydra!!
The 17-headed hydra is heavily wounded.
Unknown command.
You barely miss the 17-headed hydra.
The 17-headed hydra is heavily wounded.
The 17-headed hydra bites you!
* * * LOW HITPOINT WARNING * * *
The 17-headed hydra bites you!
You die...

#............##
#.............#
#P.....††......##
###.............###
#.................#
##.............####
#.............#
#.............#
#......@......#
##.....D.....##
#P..........#
#.P..........#
#...........##
#.#........#.#
#..........###
..........##


You could see a 17-headed hydra.

Vanquished Creatures
  A hydra (Lair:4)
  Fannar (Lair:1)
  Maurice (D:9)
  11 cane toads
  A demonic crawler (Lair:3)
  A rime drake (Lair:6)
  4 komodo dragons
  A troll (D:9)
  3 polar bears
  A queen bee (Lair:1)
  8 blink frogs
  6 hippogriffs
  9 yaks (Lair:3)
  2 basilisks
  Grum (D:9)
  A steam dragon (Lair:3)
  11 water moccasins
  9 porcupines
  3 orc warriors
  2 phantoms
  A sky beast (D:6)
  An ice beast (D:7)
  3 wolves (D:9)
  7 ogres
  2 necrophages
  3 centaurs
  8 crocodiles
  7 bullfrogs
  Blork the orc (D:5)
  A wyvern skeleton (D:8)
  4 scorpions
  29 killer bees
  7 wights
  3 howler monkeys
  An electric eel (Lair:2)
  A centaur zombie (D:5)
  A jelly (D:5)
  11 orc priests
  5 hounds
  A bullfrog zombie (D:4)
  A bullfrog skeleton (D:8)
  3 iguanas
  7 orc wizards
  5 worker ants
  A gnoll (D:1)
  14 adders
  A shadow imp (D:5)
  2 white imps
  2 ufetubi
  3 oozes
  2 adder skeletons
  2 adder zombies
  A worm (Lair:3)
  A dart slug (D:4)
  A leopard gecko (D:7)
  33 orcs
  3 ball pythons
  4 giant cockroaches
  2 goblins (D:1)
  3 hobgoblins
  A quokka (D:2)
  3 bats
  4 frilled lizards
  9 kobolds
  A leopard gecko skeleton (D:6)
  9 rats
292 creatures vanquished.

Vanquished Creatures (collateral kills)
  2 hydras
  3 death yaks (Lair:4)
  A worm (Lair:3)
6 creatures vanquished.

Vanquished Creatures (others)
  A rime drake (Lair:6)
  A crocodile (Lair:6)
  8 fungi
  35 plants
  4 toadstools (D:6)
49 creatures vanquished.

Grand Total: 347 creatures vanquished

Notes
Turn   | Place    | Note
-------+----------+-------------------------------------------
     0 | D:1      | raph the Troll Berserker began the quest for the Orb.
     0 | D:1      | Reached XP level 1. HP: 22/22 MP: 0/0
   286 | D:1      | Reached XP level 2. HP: 29/29 MP: 1/1
   590 | D:1      | Reached XP level 3. HP: 36/36 MP: 2/2
   602 | D:1      | Reached ** piety under Trog
  1116 | D:2      | Reached skill level 4 in Unarmed Combat
  1456 | D:2      | Reached XP level 4. HP: 44/44 MP: 3/3
  1490 | D:2      | Found a shimmering altar of Xom.
  1496 | D:2      | Found a shimmering altar of Xom.
  1497 | D:2      | Found a shimmering altar of Xom.
  1498 | D:2      | Found a shimmering altar of Xom.
  1841 | D:2      | Found an ornate altar of the Wu Jian Council.
  2123 | D:3      | Found a snail-covered altar of Cheibriados.
  2526 | D:4      | Found a basalt altar of Yredelemnul.
  2528 | D:4      | Noticed a profane servitor
  2537 | D:4      | Found a glowing golden altar of the Shining One.
  2566 | D:4      | Noticed an ogre
  2574 | D:4      | Killed an ogre
  2574 | D:4      | Reached XP level 5. HP: 53/53 MP: 4/4
  2694 | D:4      | Reached skill level 5 in Unarmed Combat
  2757 | D:4      | Found a staircase to the Ecumenical Temple.
  2776 | D:4      | Reached XP level 6. HP: 61/61 MP: 5/5
  3242 | D:4      | Noticed an angel
  3262 | D:5      | Entered Level 5 of the Dungeon
  3323 | D:5      | Noticed Blork the orc
  3331 | D:5      | Killed Blork the orc
  3332 | D:5      | Reached skill level 6 in Unarmed Combat
  3435 | D:5      | Reached XP level 7. HP: 41/68 MP: 6/6
  3768 | D:5      | Reached *** piety under Trog
  4336 | D:6      | Found an iron altar of Okawaru.
  4358 | D:6      | Reached skill level 7 in Unarmed Combat
  4369 | D:6      | Reached XP level 8. HP: 79/79 MP: 7/7
  4771 | D:6      | Reached skill level 8 in Unarmed Combat
  4779 | D:6      | Reached skill level 5 in Fighting
  4779 | D:6      | Reached skill level 5 in Dodging
  5216 | D:7      | Reached **** piety under Trog
  5392 | D:7      | Found a shimmering blue altar of Sif Muna.
  5417 | D:7      | Reached skill level 1 in Throwing
  5449 | D:7      | Reached XP level 9. HP: 88/88 MP: 8/8
  5488 | D:7      | Reached skill level 9 in Unarmed Combat
  7270 | D:9      | Reached skill level 10 in Unarmed Combat
  7279 | D:9      | Noticed Grum
  7286 | D:9      | Reached ***** piety under Trog
  7296 | D:9      | Killed Grum
  7447 | D:9      | Reached XP level 10. HP: 98/98 MP: 9/9
  7454 | D:9      | Found Paviastruekk's Gadget Shop.
  7466 | D:9      | Bought a wand of acid (3) for 196 gold pieces
  7620 | D:9      | Found a hide-covered altar of Uskayaw.
  7653 | D:9      | Noticed Maurice
  7781 | D:9      | Found a staircase to the Lair.
  7812 | D:9      | Killed Maurice
  8023 | Lair:1   | Entered Level 1 of the Lair of Beasts
  8023 | Lair:1   | Noticed Fannar
  8029 | Lair:1   | Killed Fannar
  8029 | Lair:1   | Reached skill level 11 in Unarmed Combat
  8299 | Lair:1   | Noticed a cane toad
  8307 | Lair:1   | Killed a cane toad
  8408 | Lair:1   | Noticed a cane toad
  8415 | Lair:1   | Killed a cane toad
  8415 | Lair:1   | Reached skill level 5 in Throwing
  8843 | Lair:1   | Reached XP level 11. HP: 77/109 MP: 10/10
  9769 | Lair:2   | Reached skill level 12 in Unarmed Combat
 11717 | Lair:3   | Noticed a seven-headed hydra
 11727 | Lair:3   | Killed a ten-headed hydra
 11849 | Lair:3   | Found a hole to the Spider Nest.
 11876 | Lair:3   | Reached XP level 12. HP: 119/119 MP: 11/11
 11884 | Lair:3   | Reached skill level 13 in Unarmed Combat
 12872 | Spider:1 | Entered Level 1 of the Spider Nest
 12927 | Lair:4   | Noticed a six-headed hydra
 12933 | Lair:4   | Killed an eight-headed hydra
 12933 | Lair:4   | Reached skill level 1 in Shields
 13403 | Lair:4   | Noticed a death yak
 13403 | Lair:4   | Noticed a death yak
 13403 | Lair:4   | Noticed a death yak
 13407 | Lair:4   | Killed a death yak
 13410 | Lair:4   | Killed a death yak
 13413 | Lair:4   | Killed a death yak
 13483 | Lair:4   | Noticed an eight-headed hydra
 13489 | Lair:4   | Killed a nine-headed hydra
 13489 | Lair:4   | Reached skill level 5 in Shields
 13525 | Lair:4   | You fall into a shaft and drop 2 floors!
 13525 | Lair:6   | Entered Level 6 of the Lair of Beasts
 13533 | Lair:6   | Noticed a catoblepas
 13533 | Lair:6   | Noticed a death yak
 13533 | Lair:6   | Noticed a death yak
 13533 | Lair:6   | Noticed a death yak
 13533 | Lair:6   | Noticed a death yak
 13599 | Lair:6   | Found a staircase to the Slime Pits.
 13599 | Lair:6   | Found a viscous altar of Jiyva.
 13635 | Lair:6   | Noticed a five-headed hydra
 13770 | Lair:5   | Noticed an eight-headed hydra
 13786 | Lair:5   | HP: 7/180 [17-headed hydra (15)]
 13786 | Lair:5   | Slain by a 17-headed hydra

Illustrated notes

Levels and vault maps discovered:
D:1:      onia_arrival_pentagram, layout_basic
D:2:      layout_loops_corners, nicolae_overflow_hidden_temple, xom_redecorated
D:3:      layout_loops_ring, cheibriados_altar_1
D:4:      layout_basic, grunt_temple_overflow_holy_war,
          minmay_temple_entry_slanted
D:5:      layout_loops_corners, uniq_blork_the_orc
D:6:      wad_crossroads, layout_rooms,
          hangedman_abyss_or_decor_jellyfish_corner, minmay_misc_feat_iff,
          st_stairs_1, minmay_gold_behind_fungi, okawaru_trees_2
D:7:      layout_gridville, lemuel_doored_altar, hangedman_decor_growths
D:8:      layout_basic, serial_curves, eino_curves_01, eino_curves_03,
          eino_curves_02, eino_curves_03, nrook_campfire
D:9:      layout_gridville, kennysheep_little_box, lair_entry_dummy,
          serial_shops, nicolae_shop_trees, uniq_maurice, uniq_grum
Lair:1:   layout_hall_layers, special_room [special_room_bee], uniq_fannar
Lair:2:   wad_woods_structure_01, layout_regular_city,
          chequers_serial_rivers_large_a, gammafunk_lair_bear_cave
Lair:3:   layout_layer_cave, nicolae_spider_entry_non_spiders
Lair:4:   layout_roguey, minmay_swamp_entry_worms, grunt_megastairs_2
Lair:5:   layout_cave_pods, nicolae_volcano_entry_batcave
Lair:6:   grunt_lair_end_beastmaster, layout_regular_city, slime_altar_1,
          bobbens_dragon_lair_wall, lemuel_fruit_tree
Spider:1: layout_spider_delve, uniq_roxanne

Skill      XL: |  1  2  3  4  5  6  7  8  9 10 11 12 |
---------------+-------------------------------------+-----
Unarmed Combat | 4 5 6 7 8 10 11 12 13 | 13.1
Dodging        | 3 4 5 6 7 8 |  8.3
Fighting       | 3 4 5 6 7 8 |  8.2
Throwing       | 1 3 5 6 |  6.9
Shields        | 5 |  5.7

Action                   |  1- 3 |  4- 6 |  7- 9 | 10-12 || total
-------------------------+-------+-------+-------+-------++-------
Melee: Unarmed           |    82 |    80 |   266 |   550 ||   978
       Punch             |     1 |     3 |     8 |    39 ||    51
Throw: Dart              |       |       |     3 |       ||     3
       Large rock        |       |       |       |     7 ||     7
Invok: Berserk           |     1 |     4 |     9 |    12 ||    26
       Trog's Hand       |       |       |       |    13 ||    13
       Brothers in Arms  |       |       |       |     5 ||     5
  Use: Scroll            |       |    11 |     3 |    10 ||    24
       Potion            |       |       |       |     2 ||     2
 Stab: Sleeping          |     2 |     1 |     1 |       ||     4
       Distracted        |       |       |       |     2 ||     2
Armor: Animal skin       |    29 |    23 |    41 |       ||    93
       Robe              |       |       |    16 |   159 ||   175
Dodge: Dodged            |    38 |    50 |   154 |   392 ||   634
Block: Kite shield       |       |       |       |    87 ||    87

Table legend: (Time is in decaauts)
 A = Elapsed time spent in this place.
 B = Non-inter-level travel time spent in this place.
 C = Inter-level travel time spent in this place.
 D = Time resting spent in this place.
 E = Time spent auto-exploring this place.
 F = Levels seen in this place.
 G = Mean time per level.
                   A        B        C        D        E       F      G
               +--------+--------+--------+--------+--------+-----+--------+
         Total |  13806 |  13340 |    466 |   3433 |   7552 |  16 |  862.9 |
       Dungeon |   8079 |   7869 |    210 |   1236 |   5365 |   9 |  897.7 |
          Lair |   5726 |   5470 |    256 |   2197 |   2187 |   6 |  954.3 |
   Spider Nest |      1 |      1 |      0 |      0 |      0 |   1 |    1.0 |
               +--------+--------+--------+--------+--------+-----+--------+

Top non-repeatable levels by time:
  Lair:2: 2232 daAuts
  Lair:3: 1384 daAuts
  Lair:1: 1352 daAuts
     D:8: 1203 daAuts
     D:5: 1064 daAuts
     D:2: 937 daAuts
     D:7: 934 daAuts
     D:1: 923 daAuts
     D:4: 842 daAuts
     D:9: 841 daAuts
     D:6: 754 daAuts
     D:3: 577 daAuts
  Lair:4: 519 daAuts
  Lair:5: 137 daAuts
  Lair:6: 100 daAuts
